 Dungeon Crawl Stone Soup version 0.24.0-123-gd5b16e6ec5 (webtiles) character file.

Game seed: 13066980763081764685, levelgen mode: deterministic

2 vurker the Grasshopper (level 1, 0/17 HPs)
             Began as a Gnoll Wanderer on Feb 1, 2020.
             Slain by a goblin (3 damage)
             ... on level 1 of the Dungeon.
             The game lasted 00:00:24 (238 turns).

vurker the Grasshopper (Gnoll Wanderer)              Turns: 238, Time: 00:00:24

Health: 0/17       AC:  2    Str: 15    XL:     1   Next: 40%
Magic:  4/4        EV:  9    Int: 16    God:
Gold:   6          SH:  9    Dex: 11    Spells: 4/5 levels left

rFire    . . .     SeeInvis .   a - +0 club
rCold    . . .     Gourm    .   f - +0 shield
rNeg     . . .     Faith    .   d - +0 robe
rPois    .         Spirit   .   (no helmet)
rElec    .         Reflect  .   (no cloak)
rCorr    .         Harm     .   (no gloves)
MR       .....                  (no boots)
Stlth    ++........             (no amulet)
HPRegen  0.05/turn              (no ring)
MPRegen  0.09/turn              (no ring)

@: no status effects
A: distributed training, fangs 1, strong nose
a: no special abilities


You were on level 1 of the Dungeon.
You were not hungry.

You visited 1 branch of the dungeon, and saw 1 of its levels.

You collected 6 gold pieces.

Inventory:

Hand Weapons
 a - a +0 club (weapon)
Armour
 d - a +0 robe (worn)
 f - a +0 shield (worn)
Scrolls
 g - a scroll of amnesia {unknown}
Potions
 c - a potion of curing
 h - 2 potions of berserk rage {unknown}
Comestibles
 b - 2 chunks of flesh
 e - a ration


   Skills:
 + Level 2.3 Fighting
 + Level 0.0 Short Blades
 + Level 0.0 Long Blades
 + Level 0.0 Axes
 + Level 0.0 Maces & Flails
 + Level 0.0 Polearms
 + Level 2.3 Staves
 + Level 0.0 Slings
 + Level 0.0 Bows
 + Level 0.0 Crossbows
 + Level 0.0 Throwing
 + Level 0.0 Armour
 + Level 0.0 Dodging
 + Level 2.1 Stealth
 + Level 4.4 Shields
 + Level 0.0 Unarmed Combat
 + Level 2.6 Spellcasting
 + Level 0.0 Conjurations
 + Level 0.0 Hexes
 + Level 0.0 Charms
 + Level 0.0 Summonings
 + Level 1.9 Necromancy
 + Level 5.3 Translocations
 + Level 0.0 Transmutations
 + Level 0.0 Fire Magic
 + Level 0.0 Ice Magic
 + Level 0.0 Air Magic
 + Level 0.0 Earth Magic
 + Level 0.0 Poison Magic
 + Level 0.1 Invocations
 + Level 0.0 Evocations


You had 4 spell levels left.
You knew the following spells:

 Your Spells              Type           Power        Failure   Level  Hunger
a - Corona                Hex            #......      58%         1    #......

Your spell library contained the following spells:

 Spells                   Type           Power        Failure   Level  Hunger
 Inner Flame              Hex/Fire       #.......     92%         3    ###....


Dungeon Overview and Level Annotations

Branches:
Dungeon (1/15)

Altars:


Innate Abilities, Weirdness & Mutations

Your experience applies equally to all skills.
You have very sharp teeth.
Your uncanny sense of smell can sniff out nearby items.


Message History

You hit the dart slug. You block the dart slug's attack.
You hit the dart slug but do no damage. The dart slug bites you.
You hit the dart slug. The dart slug bites you.
* * * LOW HITPOINT WARNING * * *
You hit the dart slug. You bite the dart slug.
You block the dart slug's attack.
You hit the dart slug.
You kill the dart slug!
You see here a dart slug corpse.
You butcher the dart slug corpse.
b - 2 chunks of flesh
Found a leather armour.
g - a scroll labeled EREAFU ORETIG You now have 6 gold pieces.
Found 17 stones.
Found 2 grey potions.
Found a ration.
Found a ration.
h - 2 grey potions A kobold comes into view.
It is wielding a +0 short sword.
A kobold is nearby!
Found a scroll labeled EVAIBAREEGY.
You see here a ration.
The kobold shouts!
The kobold throws a stone.
The stone hits you but does no damage.
Found 10 gold pieces.
You see here a stone.
You hit the kobold but do no damage. You block the kobold's attack.
You hit the kobold. The kobold barely misses you.
A goblin comes into view.
You closely miss the kobold.
The goblin shouts!
You block the kobold's attack.
The kobold hits you with a +0 short sword.
Your shield prevents you from hitting the kobold.
You bite the kobold, but do no damage. You block the kobold's attack.
You closely miss the kobold.
The kobold hits you with a +0 short sword.
* * * LOW HITPOINT WARNING * * *
You closely miss the kobold. Your bite misses the kobold.
The kobold closely misses you.
The kobold hits you with a +0 short sword.
* * * LOW HITPOINT WARNING * * *
You hit the kobold but do no damage.
The kobold hits you with a +0 short sword.
* * * LOW HITPOINT WARNING * * *
You block the goblin's attack.
You closely miss the kobold. The kobold closely misses you.
The goblin hits you.
You die...

... ......... .$..
.........
.....∆.........
.....##........
.....#.........
...............
.......Kg...?..
.........@.......
.........(..#....
.%#...........### .
............%....#
.................#
.........###.....##
........###...........
......(..............
. ....................


You could see a goblin and a kobold.

Vanquished Creatures
  A dart slug (D:1)
1 creature vanquished.

Notes
Turn   | Place    | Note
-------+----------+-------------------------------------------
     0 | D:1      | vurker the Gnoll Wanderer began the quest for the Orb.
     0 | D:1      | vurker set off with the following items: a +0 club, a
                  | potion of curing, a +0 robe, a ration, a +0 shield; and the
                  | following spell memorised: Corona; and the following spells
                  | available to memorise: Inner Flame
     0 | D:1      | Reached XP level 1. HP: 17/17 MP: 4/4
   238 | D:1      | Slain by a goblin

Levels and vault maps discovered:
D:1:      wander_arrival_lonely_grave, layout_basic

Action                   || total
-------------------------++-------
Melee: Club              ||    14
       Bite              ||     2
Dodge: Dodged            ||     3
Block: Shield            ||     7
